Map: Neon Violet Square LE

Players

uThermal - Winner!

  • Race: Terran Terran
  • Spawn Location: 11:00

INnoVation

  • Race: Terran Terran
  • Spawn Location: 5:00

Event: IEM Season 12 - Katowice

VOD

Have the link to the VOD?

Description

Time

  • Played on: March 1, 2018, 1:07 p.m.
  • Length: 21:33

All games in this series

Show
View Real Time Build Order
Export as new Build Order

uThermal Terran - Winner!

Build Orders: Reaper Expand, MMM Bio, Banshee Rush 

Get SALT Encoding   

  12  0:01  SCV  
  13  0:13  SCV  
  14  0:17  Supply Depot  
  14  0:25  SCV  
  15  0:39  SCV  
  15  0:40  Barracks  
  16  0:44  Refinery  
  16  0:51  SCV  
  17  1:03  SCV  
  18  1:15  SCV  
  19  1:27  Reaper  
  19  1:28  Orbital Command  
  20  1:44  Command Center  
  20  1:53  SCV  
  21  1:57  Supply Depot  
  21  1:59  Marine  
  22  2:05  SCV  
  23  2:11  Factory  
  23  2:19  SCV  
  23  2:22  Barracks Tech Lab, Refinery  
  24  2:31  SCV  
  25  2:43  SCV  
  26  2:55  SCV, Hellion  
  26  2:56  Starport  
  26  2:57  Orbital Command  
  29  2:58  Barracks Reactor  
  29  3:07  SCV  
  30  3:17  Hellion  
  32  3:20  Bunker  
  32  3:23  SCV x2  
  34  3:33  Cloaking Field  
  34  3:34  Banshee  
  34  3:35  SCV, Marine x2  
  34  3:38  SCV  
  40  3:42  Factory Tech Lab  
  40  3:47  SCV  
  41  3:49  Supply Depot  
  41  3:50  SCV  
  41  3:53  Marine  
  41  3:54  Marine  
  44  3:59  SCV  
  44  4:03  SCV  
  42  4:11  SCV, Marine  
  42  4:12  Siege Tank, Marine  
  42  4:16  Engineering Bay  
  48  4:18  SCV  
  48  4:20  Banshee  
  48  4:23  SCV  
  53  4:26  Supply Depot  
  53  4:31  SCV  
  54  4:38  SCV  
  53  4:43  Command Center  
  53  4:46  SCV  
  53  4:47  Siege Tank, Marine  
  53  4:48  Marine  
  59  4:53  Supply Depot  
  59  4:54  SCV  
  59  4:58  SCV  
  58  5:08  Barracks  
  58  5:10  SCV x2  
  58  5:12  Barracks  
  60  5:14  Supply Depot, Terran Infantry Weapons Level 1  
  60  5:17  Marine  
  61  5:21  Stimpack  
  61  5:22  SCV, Refinery  
  61  5:23  Refinery  
  61  5:24  SCV  
  63  5:30  Starport Reactor  
  63  5:34  SCV, Marine  
  65  5:36  SCV  
  65  5:37  Supply Depot  
  66  5:46  SCV  
  66  5:48  SCV  
  68  5:50  Siege Tank  
  68  5:54  Barracks  
  68  5:56  Orbital Command, Barracks  
  71  5:59  SCV  
  71  6:00  SCV  
  70  6:05  Marine  
  70  6:10  Marine x2  
  73  6:15  SCV x2, Marine  
  73  6:16  Starport Reactor, Marine  
  77  6:20  Supply Depot  
  77  6:22  Siege Tank  
  77  6:23  Marine  
  81  6:26  SCV  
  81  6:27  SCV x2  
  81  6:28  Refinery  
  81  6:29  Refinery  
  81  6:30  Supply Depot, Marine x2  
  86  6:33  Marine  
  86  6:36  Marine  
  86  6:38  SCV  
  86  6:39  SCV x2  
  91  6:41  Supply Depot, Marine  
  91  6:43  Barracks Tech Lab x2  
  92  6:49  Marine x2  
  92  6:50  SCV  
  92  6:51  SCV x2  
  97  6:54  Siege Tank  
  97  6:59  Medivac  
  97  7:00  Medivac  
  104  7:05  Concussive Shells, Combat Shields  
  104  7:08  Marine x2  
  105  7:09  Command Center  
  105  7:12  Marine x2, Marauder  
  110  7:17  Supply Depot, Terran Infantry Armor Level 1, Marine  
  110  7:18  Marine  
  112  7:26  Siege Tank, Marine x2  
  112  7:29  Supply Depot  
  64  7:30  Medivac  
  116  7:33  Medivac  
  116  7:34  Marine, Marauder  
  116  7:36  Marauder  
  124  7:46  Marine x3, Marauder  
  124  7:47  Supply Depot  
  124  7:49  SCV x2  
  131  7:55  SCV  
  131  8:01  Marine, Marauder  
  131  8:02  Fusion Core, Marine, Starport  
  131  8:03  Starport  
  135  8:11  Marine  
  135  8:12  Marauder  
  136  8:14  Siege Tank  
  118  8:28  Medivac x2, Planetary Fortress  
  118  8:30  SCV x2  
  118  8:32  SCV, Marine, Marauder  
  118  8:33  Marine, Marauder  
  131  8:38  Refinery  
  131  8:40  Armory  
  131  8:42  SCV, Starport Tech Lab, Refinery  
  131  8:43  Starport Reactor, Marine  
  131  8:48  Marine, Marauder  
  136  8:57  Marine, Marauder  
  137  9:12  Marine, Medivac  
  137  9:13  Marauder  
  137  9:14  Marine, Marauder  
  137  9:16  Viking x2, Marine  
  123  9:19  Marine, Marauder  
  123  9:22  Advanced Ballistics  
  112  9:24  SCV  
  112  9:25  SCV  
  112  9:27  SCV x2  
  115  9:33  Viking  
  115  9:34  Marine x2, Marauder  
  121  9:40  Armory  
  121  9:42  SCV x2  
  121  9:45  Terran Infantry Weapons Level 2  
  123  9:47  SCV  
  124  9:53  SCV  
  124  9:54  Viking  
  124  9:57  Marine  
  124  9:58  Marine x3, Marauder x2  
  135  10:03  Viking  
  135  10:05  Viking  
  139  10:09  Viking  
  139  10:12  Marine  
  139  10:13  Missile Turret  
  142  10:15  Marine  
  142  10:16  Liberator  
  142  10:17  Liberator  
  142  10:19  Marauder  
  145  10:21  Liberator  
  145  10:22  Marine x2  
  145  10:24  Marine x2  
  149  10:29  Terran Vehicle And Ship Armor Level 1, Supply Depot, Command Center  
  149  10:31  Terran Ship Weapons Level 1  
  155  10:39  Marine  
  155  10:40  Marauder  
  155  10:41  Liberator  
  155  10:42  Marine, Marauder  
  157  10:45  Liberator  
  157  10:47  Supply Depot, Marine  
  157  10:48  Marauder  
  160  10:55  SCV x4  
  160  10:56  Supply Depot, Marine  
  165  10:57  Marine  
  172  11:04  Liberator  
  172  11:08  Liberator  
  172  11:10  Liberator  
  172  11:13  Starport  
  172  11:15  Marine x2  
  172  11:16  Marine, Marauder x2  
  172  11:17  Starport  
  179  11:24  Supply Depot, Liberator  
  185  11:28  Liberator  
  172  11:44  Marine x2  
  172  11:45  Marauder x2  
  182  11:47  Liberator  
  182  11:52  Marine x2, Marauder  
  164  11:54  Orbital Command  
  164  11:55  Liberator  
  164  11:59  Viking  
  166  12:02  Viking, Marine x2  
  166  12:06  Marauder  
  166  12:07  Liberator  
  175  12:11  Liberator  
  175  12:12  Viking  
  175  12:13  Marine  
  181  12:20  Sensor Tower  
  180  12:25  Terran Ship Weapons Level 2  
  186  12:30  Terran Vehicle And Ship Armor Level 2  
  186  12:32  Marine x2, Marauder x2  
  186  12:34  Marine  
  193  12:37  Viking  
  193  12:41  Liberator  
  193  12:42  Liberator x2  
  195  12:50  Liberator  
  175  12:58  Liberator  
  175  13:00  Command Center  
  175  13:02  Marine, Marauder  
  163  13:15  Marine x3, Marauder x2  
  163  13:17  Liberator  
  163  13:18  SCV  
  163  13:19  SCV x3, Refinery  
  172  13:20  SCV, Refinery  
  173  13:27  Marine  
  173  13:28  Marine  
  173  13:30  SCV  
  173  13:31  SCV x3  
  179  13:35  Viking  
  179  13:36  Marine  
  179  13:40  Marine x2  
  179  13:41  Marauder  
  189  13:44  Marine  
  189  13:46  Marauder  
  192  13:53  Marine, Liberator x4  
  180  14:02  Marauder  
  160  14:03  Marine  
  160  14:04  Marauder  
  160  14:09  Marine x2, Liberator  
  149  14:10  Marauder  
  149  14:12  Marine  
  163  14:18  Liberator  
  163  14:21  Marine  
  163  14:23  Marauder  
  166  14:25  Marauder  
  168  14:36  Liberator  
  168  14:37  Viking  
  168  14:38  Marine x2, Marauder  
  168  14:42  Orbital Command  
  168  14:44  Terran Ship Weapons Level 3, Refinery  
  168  14:45  Marauder, Refinery  
  171  14:48  Terran Infantry Weapons Level 3  
  171  14:51  Marine  
  172  14:53  Viking  
  177  15:05  Marine, Marauder  
  180  15:07  Viking, Liberator x3  
  180  15:08  Viking  
  180  15:10  Command Center  
  184  15:21  Marine, Marauder  
  182  15:27  Marine  
  195  15:29  Marine, Command Center  
  196  15:38  Starport  
  196  15:39  Starport  
  196  15:40  Terran Vehicle And Ship Armor Level 3  
  196  15:42  Viking  
  198  15:47  Marine  
  198  15:48  Refinery  
  198  15:49  Refinery  
  199  15:54  Marine  
  200  16:09  Starport Reactor  
  200  16:10  Starport Reactor  
  196  16:30  Liberator x4  
  196  16:31  Liberator x4  
  140  16:45  Viking x2, Marine x2  
  140  16:46  Marine x2, Marauder x2  
  140  16:47  Marauder  
  132  16:51  Planetary Fortress  
  153  17:00  Barracks  
  149  17:01  Barracks  
  149  17:02  Barracks  
  149  17:03  Marine x2  
  149  17:04  Marine x2  
  149  17:05  Liberator  
  149  17:07  Marauder x2  
  149  17:08  Liberator, Marauder  
  159  17:10  Planetary Fortress  
  159  17:11  Sensor Tower  
  159  17:15  Missile Turret  
  159  17:16  Liberator  
  159  17:17  Sensor Tower  
  159  17:21  Marine x2  
  163  17:22  Liberator  
  163  17:24  Liberator  
  163  17:25  Command Center  
  163  17:26  Liberator  
  163  17:28  Marauder  
  163  17:29  Terran Infantry Armor Level 2  
  168  17:30  Liberator  
  168  17:32  Liberator  
  179  17:47  Liberator  
  178  17:52  Viking  
  178  17:54  Marine x2  
  178  17:58  Barracks Reactor, Barracks Tech Lab  
  182  17:59  Marine, Marauder  
  182  18:01  Marine, Liberator x2  
  189  18:07  Marine  
  189  18:08  Marauder  
  198  18:26  Terran Vehicle Weapons Level 1  
  198  18:36  Marine  
  198  18:37  Marine  
  198  18:38  Orbital Command, Liberator  
  199  19:04  Liberator  
  199  19:08  Liberator  
  136  19:31  Viking x2  
  136  19:32  Viking  
  136  19:33  Viking, Marine x2, Marauder x2  
  135  19:45  Viking  
  133  19:47  Smart Servos  
  133  19:48  Siege Tank  
  133  19:51  Marine x3  
  133  19:52  Marine x4, Marauder x2  
  144  19:53  Viking x2  
  144  19:55  Marauder x2  
  144  19:58  Viking x2  
  156  20:02  Viking  
  158  20:07  Viking  
  158  20:09  Marine x5  
  158  20:10  Marine x2  
  158  20:13  Marauder x2  
  171  20:16  Marauder x2  
  171  20:17  Viking  
  177  20:22  Viking  
  177  20:27  Viking  
  181  20:34  Viking  
  177  20:38  Viking  
  161  20:45  Marine  
  161  20:46  Hellion, Marine, Marauder x2  
  161  20:48  Marine, Marauder  
  167  20:55  Marine  
  167  20:56  Marine, Marauder  
  161  21:07  Marauder  
  161  21:08  Marine  
  161  21:09  Marine, Marauder  
  161  21:10  Marine, Marauder  
Show
View Real Time Build Order
Export as new Build Order

INnoVation Terran 

Build Orders: Gas First Reaper Expand, Reaper Expand, Mech 

Get SALT Encoding   

  12  0:00  SCV  
  13  0:12  SCV  
  14  0:17  Supply Depot  
  14  0:24  SCV  
  15  0:30  Refinery  
  15  0:39  SCV  
  16  0:46  Barracks  
  16  0:51  SCV  
  17  1:03  SCV  
  18  1:15  SCV  
  19  1:32  Orbital Command  
  19  1:33  Reaper  
  20  1:51  Command Center  
  20  2:01  Factory  
  20  2:04  SCV  
  20  2:07  Barracks Reactor  
  21  2:16  SCV  
  21  2:19  Supply Depot  
  21  2:21  Refinery  
  22  2:28  SCV  
  23  2:40  SCV  
  23  2:50  Hellion  
  23  2:51  Hellion  
  27  2:53  SCV  
  28  3:03  Orbital Command  
  28  3:05  SCV  
  29  3:12  Cyclone  
  32  3:14  Cyclone  
  32  3:17  SCV  
  36  3:24  Supply Depot  
  36  3:29  SCV x2  
  38  3:44  Cyclone  
  38  3:45  SCV x2  
  38  3:46  Cyclone  
  46  3:58  Command Center  
  44  4:05  SCV x2  
  43  4:16  Cyclone  
  46  4:17  SCV x2  
  46  4:19  Cyclone  
  46  4:23  Supply Depot  
  51  4:29  Engineering Bay  
  51  4:31  SCV  
  51  4:32  SCV  
  51  4:37  Supply Depot  
  53  4:44  SCV x2, Barracks Tech Lab  
  55  4:47  Refinery  
  55  4:50  Refinery  
  55  4:56  SCV x2  
  54  5:05  Missile Turret  
  47  5:08  SCV  
  47  5:09  SCV  
  47  5:11  Orbital Command  
  49  5:16  Siege Tank  
  49  5:20  SCV  
  53  5:21  SCV  
  54  5:33  SCV x2  
  54  5:34  Starport  
  56  5:36  Barracks Tech Lab  
  56  5:38  SCV  
  56  5:45  SCV x2  
  56  5:49  Siege Tank  
  61  5:55  SCV  
  63  5:57  SCV  
  63  6:04  Factory  
  63  6:05  SCV  
  63  6:08  SCV  
  63  6:09  SCV  
  66  6:16  Raven  
  66  6:18  SCV  
  69  6:19  Barracks Reactor  
  69  6:20  SCV  
  69  6:21  SCV  
  69  6:22  Armory  
  69  6:23  Armory  
  69  6:25  Siege Tank  
  74  6:30  SCV  
  74  6:32  SCV, Refinery  
  76  6:33  SCV  
  76  6:34  Refinery  
  76  6:36  Supply Depot  
  77  6:42  SCV  
  77  6:44  SCV  
  77  6:45  SCV  
  80  6:47  Supply Depot  
  80  6:48  Hellion  
  80  6:49  Hellion  
  84  6:54  SCV  
  84  6:58  SCV  
  84  6:59  Raven  
  88  7:01  Supply Depot  
  88  7:04  Siege Tank  
  88  7:06  SCV  
  88  7:07  SCV  
  93  7:10  SCV  
  93  7:11  Terran Vehicle And Ship Armor Level 1, Supply Depot, Terran Vehicle Weapons Level 1  
  96  7:16  Hellion x2  
  96  7:19  SCV x2  
  96  7:22  SCV  
  101  7:24  Supply Depot  
  101  7:27  Engineering Bay  
  101  7:36  Siege Tank  
  106  7:37  Hellion x2, SCV  
  106  7:38  SCV x2  
  111  7:47  Factory  
  111  7:53  Supply Depot  
  111  7:57  Viking x2  
  115  7:58  Missile Turret  
  115  8:00  Hellion  
  115  8:01  Sensor Tower, Hellion  
  115  8:04  SCV x3  
  122  8:08  Siege Tank  
  125  8:18  Command Center  
  92  8:28  Hellion x2  
  92  8:30  Viking x2  
  92  8:31  Siege Tank  
  100  8:42  Liberator x2  
  100  8:44  Siege Tank  
  103  8:50  Hellion x2  
  110  9:03  Siege Tank  
  110  9:06  Command Center  
  112  9:17  Hellion x2, Siege Tank  
  80  9:19  SCV x3  
  80  9:22  Refinery  
  81  9:31  SCV x3  
  82  9:35  Siege Tank, Terran Vehicle Weapons Level 2  
  82  9:36  Terran Vehicle And Ship Armor Level 2  
  87  9:43  SCV x3  
  90  9:50  Siege Tank  
  93  9:57  Viking  
  95  10:00  Viking  
  95  10:04  SCV x2  
  95  10:05  SCV  
  98  10:07  Siege Tank  
  101  10:16  SCV x2  
  101  10:17  SCV  
  101  10:20  Starport  
  104  10:21  Starport  
  107  10:28  Viking, Siege Tank  
  107  10:30  Viking  
  111  10:35  SCV  
  111  10:36  SCV x2  
  111  10:39  Siege Tank  
  117  10:48  SCV x3  
  120  10:55  Planetary Fortress  
  120  10:58  Viking, Refinery  
  120  10:59  Refinery  
  120  11:00  Viking  
  124  11:06  Starport Reactor  
  124  11:07  Starport Reactor  
  124  11:09  SCV x3  
  127  11:11  Siege Tank  
  127  11:12  Siege Tank  
  127  11:16  Supply Depot  
  127  11:17  Supply Depot  
  133  11:21  SCV x3  
  136  11:27  Missile Turret  
  136  11:30  Sensor Tower  
  136  11:31  Viking  
  136  11:32  Viking  
  140  11:35  SCV x3  
  127  11:45  Siege Tank x2  
  120  11:49  Hellion x2  
  120  11:52  SCV  
  120  11:53  SCV x2  
  120  11:57  Viking x3  
  120  11:59  Viking  
  128  12:05  SCV x3  
  131  12:09  Viking  
  131  12:12  Viking  
  135  12:17  Siege Tank  
  135  12:18  Siege Tank  
  141  12:23  Terran Ship Weapons Level 1  
  141  12:27  Liberator x2  
  141  12:29  Terran Vehicle And Ship Armor Level 3  
  141  12:37  Command Center  
  147  12:52  Supply Depot x2, SCV x2  
  144  12:59  SCV  
  144  13:01  Viking  
  144  13:04  SCV  
  148  13:07  SCV  
  148  13:08  Viking x3  
  148  13:12  SCV  
  138  13:13  Thor  
  138  13:16  SCV  
  138  13:19  SCV  
  144  13:23  Thor  
  144  13:25  SCV  
  151  13:27  Supply Depot  
  151  13:28  SCV  
  152  13:39  Viking  
  152  13:40  Viking x2  
  158  13:42  SCV x3  
  151  13:56  Siege Tank  
  151  14:01  Hellion x2  
  151  14:02  SCV x3  
  128  14:06  Siege Tank  
  127  14:13  Viking  
  127  14:14  Viking x5  
  139  14:18  Refinery  
  139  14:30  Siege Tank  
  139  14:31  Hellion, Hellbat  
  142  14:35  SCV x2, Orbital Command  
  136  14:38  Siege Tank  
  136  14:45  Refinery  
  139  14:47  SCV  
  139  14:48  SCV  
  139  14:50  Missile Turret  
  141  14:55  Sensor Tower  
  141  14:56  Viking x2  
  127  15:00  Viking  
  147  15:09  Refinery  
  147  15:10  Refinery  
  147  15:16  Viking  
  147  15:17  Viking x2  
  147  15:18  SCV x3  
  156  15:25  Missile Turret, Thor  
  162  15:29  Supply Depot  
  162  15:30  Thor  
  168  15:39  Liberator  
  172  15:44  Terran Ship Weapons Level 2  
  172  15:45  Supply Depot  
  172  15:54  Terran Vehicle Weapons Level 3  
  171  15:58  Command Center  
  171  15:59  Hellion x4  
  171  16:02  Missile Turret  
  171  16:09  Supply Depot  
  171  16:13  Viking  
  171  16:14  Missile Turret, Viking x2  
  171  16:17  Viking  
  179  16:22  Viking  
  161  16:37  Hellion, Hellbat  
  156  16:42  Viking  
  156  16:43  Viking  
  156  16:44  Viking  
  154  16:54  Viking x2  
  154  16:56  Viking  
  154  17:01  Thor  
  160  17:02  Thor  
  166  17:10  SCV x3  
  166  17:15  Viking x3  
  173  17:24  SCV x3  
  176  17:33  Viking  
  176  17:34  Viking x2  
  182  17:43  SCV  
  182  17:44  SCV x2  
  181  17:45  Viking x3  
  181  17:48  Planetary Fortress  
  187  17:55  Sensor Tower, SCV  
  187  17:56  SCV x2  
  187  17:57  Siege Tank x2  
  196  18:04  Hellbat x2  
  200  18:09  Refinery  
  200  18:10  Refinery  
  200  18:15  Missile Turret  
  200  18:16  Missile Turret  
  200  18:18  Factory, Refinery  
  200  18:19  Factory  
  200  18:23  Missile Turret  
  200  18:35  Terran Ship Weapons Level 3  
  200  18:47  Command Center  
  200  18:55  Missile Turret  
  200  19:17  Factory Tech Lab  
  200  19:19  Factory Reactor  
  200  19:22  Viking  
  200  19:23  Viking x2  
  200  19:24  Viking x2  
  171  19:32  Thor x2  
  171  19:33  Viking, Hellion x2  
  131  19:48  SCV x3  
  131  19:52  Viking  
  136  19:53  Viking x2  
  136  19:54  Viking x2, Hellion x3  
  136  19:57  Widow Mine x4, Drilling Claws  
  143  20:02  Planetary Fortress  
  143  20:03  SCV x3  
  143  20:04  Missile Turret  
  143  20:09  Thor  
  143  20:13  Viking  
  148  20:15  Thor x2  
  160  20:22  Viking  
  160  20:23  Viking  
  160  20:24  Viking x2  
  168  20:35  SCV x3  
  142  20:45  Viking x2  
  137  20:52  Viking  
  137  20:53  Viking  
  137  20:54  Viking x2  
  137  20:56  Siege Tank  
  141  21:04  Hellbat x3  

Tags
 
Add a new tag
Caveats
  • Supply blocks, unpowered buildings, or Contaminate may cause inaccurate times.
  • Supply counts are checked every 10 seconds.